Oilers vs Flames

Created - October-23-14 at 17:58

Goals
1 2 3 T
Oilers 3 0 1 4
Flames 1 1 1 3
Shots
1 2 3 T
Oilers 14 10 18 42
Flames 11 12 8 31

1st period

1. Oilers , Travis Zajac 2 (Mats Zuccarello) at 1:14 (PP)
2. Flames , Jeff Skinner 5 (Anze Kopitar, Jared Spurgeon) at 2:58
3. Oilers , Jake Muzzin 2 (Brooks Laich, Charlie Coyle) at 12:07 (PP)
4. Oilers , Martin Marincin 1 (Nikolai Kulemin, Olli Maatta) at 16:16

Penalties :
Jack Johnson (CGY) for Roughing (Minor) at 0:49, Dustin Brown (CGY) for Holding (Minor) at 5:15, Ladislav Smid (CGY) for Holding (Minor) at 9:34, Ladislav Smid (CGY) for Roughing (Minor) at 11:44, Emerson Etem (EDM) for Holding Stick (Minor) at 16:21

2nd period

5. Flames , Michael Grabner 3 (Jack Johnson, Ryan Kesler) at 4:44

Penalties :
Jack Johnson (CGY) for Hooking (Minor) at 0:36, Dustin Brown (CGY) for Hooking (Minor) at 7:13, Erik Johnson (CGY) for Boarding (Minor) at 10:58, Emerson Etem (EDM) for Cross-checking (Minor) at 15:21, Dustin Brown (CGY) for Tripping (Minor) at 19:03

3rd period

6. Flames , Jeff Skinner 6 (Erik Johnson) at 11:31
7. Oilers , Dennis Wideman 4 (Nikita Kucherov, Jake Muzzin) at 18:22

Penalties :
Jack Johnson (CGY) for Cross-checking (Minor) at 2:47, Brooks Laich (EDM) for Holding (Minor) at 2:47, Ladislav Smid (CGY) for Holding Stick (Minor) at 14:10

Goalie Stats

Kari Lehtonen (EDM), 28 saves from 31 shots - (0.903), W, 3-3-0, 60:00 minutes
Jonathan Quick (CGY), 38 saves from 42 shots - (0.905), L, 6-2-0, 59:01 minutes

Players Stats for Oilers

Player Name              G  A  P  +/- PIM S  H  SB GA TA FO     MP     PP MP  PK MP  
------------------------------------------------------------------------------------
Aleksander Barkov        0  0  0   0  0   0  0  0  0  0  3/12    8:03   0:00   0:00 
Beau Bennett             0  0  0   0  0   0  0  0  0  0  0/0     6:46   0:00   0:00 
Brian Campbell           0  0  0  -1  0   3  0  0  0  0  0/0    25:54   7:18   2:08 
Brooks Laich             0  1  1  -1  2   0  0  0  0  0  4/4    19:41   7:11   1:50 
Charlie Coyle            0  1  1  -1  0   2  3  0  0  0  5/13   17:52   7:11   0:00 
Dainius Zubrus           0  0  0  -1  0   2  2  0  0  0  15/28  18:22   7:11   0:00 
Dennis Wideman           1  0  1  -1  0   4  1  1  0  0  0/0    22:27   7:23   1:50 
Drew Miller              0  0  0   1  0   1  0  0  0  0  0/1    12:17   0:00   1:50 
Emerson Etem             0  0  0   0  4   0  1  0  0  0  0/0     7:16   0:00   0:00 
Jake Muzzin              1  1  2  -1  0   4  4  0  0  0  0/0    22:27   7:23   1:50 
Marc Methot              0  0  0  -1  0   4  2  0  0  0  0/0    26:53   7:18   2:08 
Martin Marincin          1  0  1   1  0   3  0  0  0  0  0/0    10:40   0:00   0:00 
Mats Zuccarello          0  1  1  -1  0   4  0  0  0  0  1/4    22:16   7:30   2:08 
Mikkel Boedker           0  0  0  -1  0   6  0  0  0  0  1/3    19:13   7:30   0:00 
Nikita Kucherov          0  1  1  -1  0   1  0  0  0  0  0/0    10:41   0:00   0:00 
Nikolai Kulemin          0  1  1   1  0   4  2  0  0  0  1/1    11:11   0:00   0:00 
Olli Maatta              0  1  1   1  0   1  0  0  0  0  0/0    11:39   0:00   0:00 
Travis Zajac             1  0  1   1  0   3  1  0  0  0  19/36  20:22   7:30   2:08 

Players Stats for Flames

Player Name              G  A  P  +/- PIM S  H  SB GA TA FO     MP     PP MP  PK MP  
------------------------------------------------------------------------------------
Andrew MacDonald         0  0  0   0  0   0  0  2  0  0  0/0    20:56   1:48   7:39 
Anze Kopitar             0  1  1   2  0   6  2  0  0  0  23/41  25:34   2:10   7:08 
Barret Jackman           0  0  0   0  0   0  0  0  0  0  0/0     3:27   0:00   0:00 
Brett Bulmer             0  0  0   0  0   0  1  0  0  0  0/0     1:01   0:00   0:00 
Bryce Salvador           0  0  0  -1  0   2  1  0  0  0  0/0    12:15   0:00   2:06 
Drew Shore               0  0  0  -1  0   1  0  0  0  0  7/11   13:07   0:00   0:00 
Dustin Brown             0  0  0   0  6   1  2  0  0  0  0/3    16:33   1:48   4:09 
Erik Johnson             0  1  1   2  2   1  0  2  0  0  0/0    25:05   2:10   6:20 
Jack Johnson             0  1  1   0  6   3  8  3  0  0  0/0    18:21   1:48   6:15 
Jared Spurgeon           0  1  1   2  0   1  1  3  0  0  0/0    25:48   2:10   7:02 
Jeff Skinner             2  0  2   2  0   5  0  0  0  0  0/1    18:32   2:10   0:06 
Ladislav Smid            0  0  0  -1  6   0  2  0  0  0  0/0    14:01   0:00   0:00 
Linden Vey               0  0  0  -1  0   1  0  0  0  0  0/0    13:07   0:00   0:00 
Michael Bournival        0  0  0  -1  0   1  1  0  0  0  2/3    13:16   0:00   0:00 
Michael Grabner          1  0  1   0  0   3  1  0  0  0  0/0    12:45   1:48   0:00 
Mike Cammalleri          0  0  0   2  0   3  2  2  0  0  3/4    24:54   2:10   7:08 
Ryan Kesler              0  1  1   0  0   3  1  1  0  0  18/38  21:10   1:48   7:33 
Stephane Da Costa        0  0  0   0  0   0  0  0  0  0  0/1     3:18   0:00   3:18 

3 Stars

1 - Jeff Skinner (CGY)
2 - Jake Muzzin (EDM)
3 - Travis Zajac (EDM)

Power Play

Oilers - 2 on 9 Attempt(s) - 22.22%
Flames - 0 on 2 Attempt(s) - 0.00%

Penalty Kill

Oilers - 2 on 2 Attempt(s) - 100.00% - Score 0 goal in Penalty Kill
Flames - 7 on 9 Attempt(s) - 77.78% - Score 0 goal in Penalty Kill

Official

Referees : Ian Walsh and Kyle Rehman
Linesman : Jonny Murray and Don Henderson

Game Notes

No Game Note

Finance

Level 1 -- Attendance: 4850 (74.62%) -- Ticket Income $533,500
Level 2 -- Attendance: 4968 (99.36%) -- Ticket Income $372,600
Level 3 -- Attendance: 2510 (71.71%) -- Ticket Income $150,600
Level 4 -- Attendance: 2685 (81.64%) -- Ticket Income $107,400
Luxury Box -- Attendance: 904 (90.40%) -- Ticket Income $180,800
Game was played at the Scotiabank Saddledome
Total Attendance: 15917 (82.52%)
Total Ticket Income: $1,344,900
Other Income: $201,735
Total Income: $1,546,635

% Time on Ice - Oilers

Lines # - Real PCT - Wanted PCT - Time Play
Normal Forward
1 - 27% - 30% - 10:27
2 - 27% - 30% - 10:41
3 - 29% - 30% - 11:11
4 - 17% - 10% - 6:46
Normal Defense
1 - 40% - 40% - 15:32
2 - 31% - 30% - 12:14
3 - 27% - 20% - 10:40
4 - 2% - 10% - 0:39
PP Forward
1 - 51% - 50% - 7:30
2 - 49% - 50% - 7:11
PP Defense
1 - 50% - 60% - 7:18
2 - 50% - 40% - 7:23
PK Forward
1 - 54% - 50% - 2:08
2 - 46% - 50% - 1:50
PK Defense
1 - 54% - 50% - 2:08
2 - 46% - 50% - 1:50
PK3 Forward
1 - 0% - 60%
2 - 0% - 40%
PK3 Defense
1 - 0% - 60%
2 - 0% - 40%
44 Forward
1 - 73% - 60% - 1:27
2 - 27% - 40% - 0:32
44 Defense
1 - 50% - 60% - 0:59
2 - 50% - 40% - 1:00
Last Minute Offensive  - 0:00
Last Minute Defensive  - 0:17
Total
Forward - 60:00
Defense - 60:00

% Time on Ice - Flames

Lines # - Real PCT - Wanted PCT - Time Play
Normal Forward
1 - 40% - 40% - 15:36
2 - 25% - 30% - 9:38
3 - 33% - 20% - 13:07
4 - 2% - 10% - 0:52
Normal Defense
1 - 40% - 40% - 15:45
2 - 26% - 30% - 10:21
3 - 25% - 20% - 9:40
4 - 9% - 10% - 3:27
PP Forward
1 - 55% - 50% - 2:10
2 - 45% - 50% - 1:48
PP Defense
1 - 55% - 50% - 2:10
2 - 45% - 50% - 1:48
PK Forward
1 - 49% - 50% - 7:08
2 - 51% - 50% - 7:33
PK Defense
1 - 48% - 50% - 7:02
2 - 52% - 50% - 7:39
PK3 Forward
1 - 0% - 50%
2 - 0% - 50%
PK3 Defense
1 - 0% - 50%
2 - 0% - 50%
44 Forward
1 - 34% - 50% - 0:40
2 - 66% - 50% - 1:19
44 Defense
1 - 43% - 50% - 0:51
2 - 57% - 50% - 1:08
Last Minute Offensive  - 0:09
Last Minute Defensive  - 0:00
Total
Forward - 60:00
Defense - 60:00

Play by Play

1st period


0:01 of 1st period - Anze Kopitar wins face-off versus Travis Zajac in neutral zone.
0:37 of 1st period - Icing by Brian Campbell.
0:38 of 1st period - Travis Zajac wins face-off versus Ryan Kesler in Oilers zone.
0:38 of 1st period - Travis Zajac is hit by Dustin Brown.
0:49 of 1st period - Minor Penalty to Jack Johnson for Roughing.
0:50 of 1st period - Ryan Kesler wins face-off versus Dainius Zubrus in Flames zone.
0:50 of 1st period - Ryan Kesler is hit by Dainius Zubrus.
1:04 of 1st period - Shot by Dennis Wideman.
1:04 of 1st period - Stopped by Jonathan Quick with a rebound.
1:06 of 1st period - Shot by Jake Muzzin.
1:06 of 1st period - Deflect By Dainius Zubrus.
1:06 of 1st period - Shot Misses the Net.
1:08 of 1st period - Shot by Dainius Zubrus.
1:08 of 1st period - Shot Blocked by Andrew MacDonald.
1:10 of 1st period - Shot by Charlie Coyle.
1:10 of 1st period - Stopped by Jonathan Quick without a rebound.
1:11 of 1st period - Travis Zajac wins face-off versus Ryan Kesler in Flames zone.
1:14 of 1st period - Shot by Mats Zuccarello.
1:14 of 1st period - Deflect By Travis Zajac.
1:14 of 1st period - Goal by Travis Zajac - Oilers : 1 - Flames : 0.
1:15 of 1st period - Michael Bournival wins face-off versus Dainius Zubrus in neutral zone.
1:31 of 1st period - Mikkel Boedker is hit by Michael Bournival and loses puck.
1:36 of 1st period - Shot by Linden Vey.
1:36 of 1st period - Stopped by Kari Lehtonen with a rebound.
1:38 of 1st period - Shot by Bryce Salvador.
1:38 of 1st period - Stopped by Kari Lehtonen without a rebound.
1:39 of 1st period - Charlie Coyle wins face-off versus Dustin Brown in Oilers zone.
1:44 of 1st period - Shot by Nikita Kucherov.
1:44 of 1st period - Shot Misses the Net.
2:56 of 1st period - Shot by Jeff Skinner.
2:56 of 1st period - Shot Misses the Net.
2:58 of 1st period - Shot by Jeff Skinner.
2:58 of 1st period - Goal by Jeff Skinner - Oilers : 1 - Flames : 1.
2:59 of 1st period - Drew Shore wins face-off versus Aleksander Barkov in neutral zone.
3:18 of 1st period - Icing by Ladislav Smid.
3:19 of 1st period - Drew Shore wins face-off versus Travis Zajac in Flames zone.
4:34 of 1st period - Shot by Anze Kopitar.
4:34 of 1st period - Stopped by Kari Lehtonen with a rebound.
4:47 of 1st period - Icing by Marc Methot.
4:48 of 1st period - Ryan Kesler wins face-off versus Charlie Coyle in Oilers zone.
5:09 of 1st period - Marc Methot is hit by Brett Bulmer and loses puck.
5:15 of 1st period - Minor Penalty to Dustin Brown for Holding.
5:16 of 1st period - Travis Zajac wins face-off versus Ryan Kesler in Flames zone.
5:21 of 1st period - Shot by Dennis Wideman.
5:21 of 1st period - Shot Misses the Net.
5:23 of 1st period - Shot by Jake Muzzin.
5:23 of 1st period - Shot Blocked by Jared Spurgeon.
5:25 of 1st period - Shot by Mats Zuccarello.
5:25 of 1st period - Stopped by Jonathan Quick without a rebound.
5:26 of 1st period - Anze Kopitar wins face-off versus Travis Zajac in Flames zone.
6:01 of 1st period - Shot by Mikkel Boedker.
6:01 of 1st period - Stopped by Jonathan Quick without a rebound.
6:02 of 1st period - Dainius Zubrus wins face-off versus Anze Kopitar in Flames zone.
7:16 of 1st period - Jake Muzzin is hit by Ladislav Smid and loses puck.
7:34 of 1st period - Shot by Michael Bournival.
7:34 of 1st period - Shot Misses the Net.
8:14 of 1st period - Shot by Nikolai Kulemin.
8:14 of 1st period - Stopped by Jonathan Quick with a rebound.
8:35 of 1st period - Shot by Travis Zajac.
8:35 of 1st period - Shot Misses the Net.
8:37 of 1st period - Shot by Marc Methot.
8:37 of 1st period - Deflect By Travis Zajac.
8:37 of 1st period - Shot Blocked by Mike Cammalleri.
8:41 of 1st period - Shot by Travis Zajac.
8:41 of 1st period - Shot Misses the Net.
8:43 of 1st period - Shot by Drew Miller.
8:43 of 1st period - Shot Misses the Net.
8:45 of 1st period - Shot by Brian Campbell.
8:45 of 1st period - Shot Blocked by Jared Spurgeon.
8:49 of 1st period - Shot by Drew Miller.
8:49 of 1st period - Stopped by Jonathan Quick without a rebound.
8:50 of 1st period - Ryan Kesler wins face-off versus Dainius Zubrus in Flames zone.
9:23 of 1st period - Shot by Ryan Kesler.
9:23 of 1st period - Stopped by Kari Lehtonen without a rebound.
9:24 of 1st period - Charlie Coyle wins face-off versus Drew Shore in Oilers zone.
9:34 of 1st period - Minor Penalty to Ladislav Smid for Holding.
9:35 of 1st period - Anze Kopitar wins face-off versus Travis Zajac in Flames zone.
9:54 of 1st period - Shot by Brian Campbell.
9:54 of 1st period - Stopped by Jonathan Quick without a rebound.
9:55 of 1st period - Dainius Zubrus wins face-off versus Ryan Kesler in Flames zone.
9:55 of 1st period - Dainius Zubrus is hit by Jack Johnson.
10:01 of 1st period - Shot by Marc Methot.
10:01 of 1st period - Stopped by Jonathan Quick without a rebound.
10:02 of 1st period - Dainius Zubrus wins face-off versus Ryan Kesler in Flames zone.
10:21 of 1st period - Shot by Dennis Wideman.
10:21 of 1st period - Stopped by Jonathan Quick without a rebound.
10:22 of 1st period - Ryan Kesler wins face-off versus Travis Zajac in Flames zone.
11:03 of 1st period - Shot by Marc Methot.
11:03 of 1st period - Shot Misses the Net.
11:05 of 1st period - Shot by Mikkel Boedker.
11:05 of 1st period - Stopped by Jonathan Quick with a rebound.
11:07 of 1st period - Shot by Brian Campbell.
11:07 of 1st period - Shot Misses the Net.
11:09 of 1st period - Shot by Brian Campbell.
11:09 of 1st period - Shot Misses the Net.
11:34 of 1st period - Dennis Wideman is hit by Ladislav Smid.
11:41 of 1st period - Icing by Drew Shore.
11:42 of 1st period - Aleksander Barkov wins face-off versus Drew Shore in Flames zone.
11:44 of 1st period - Minor Penalty to Ladislav Smid for Roughing.
11:45 of 1st period - Mike Cammalleri wins face-off versus Dainius Zubrus in Flames zone.
11:45 of 1st period - Mike Cammalleri is hit by Charlie Coyle.
12:03 of 1st period - Shot by Charlie Coyle.
12:03 of 1st period - Shot Blocked by Andrew MacDonald.
12:05 of 1st period - Shot by Brooks Laich.
12:05 of 1st period - Shot Blocked by Jack Johnson.
12:07 of 1st period - Shot by Jake Muzzin.
12:07 of 1st period - Goal by Jake Muzzin - Oilers : 2 - Flames : 1.
12:08 of 1st period - Travis Zajac wins face-off versus Ryan Kesler in neutral zone.
12:18 of 1st period - Icing by Jared Spurgeon.
12:19 of 1st period - Dainius Zubrus wins face-off versus Ryan Kesler in Flames zone.
12:43 of 1st period - Icing by Brian Campbell.
12:44 of 1st period - Dainius Zubrus wins face-off versus Anze Kopitar in Oilers zone.
13:14 of 1st period - Icing by Anze Kopitar.
13:15 of 1st period - Anze Kopitar wins face-off versus Charlie Coyle in Flames zone.
13:34 of 1st period - Jake Muzzin is hit by Mike Cammalleri and loses puck.
13:55 of 1st period - Icing by Andrew MacDonald.
13:56 of 1st period - Travis Zajac wins face-off versus Anze Kopitar in Flames zone.
13:59 of 1st period - Shot by Nikolai Kulemin.
13:59 of 1st period - Stopped by Jonathan Quick without a rebound.
14:00 of 1st period - Ryan Kesler wins face-off versus Dainius Zubrus in Flames zone.
14:00 of 1st period - Ryan Kesler is hit by Dainius Zubrus.
15:12 of 1st period - Linden Vey is hit by Charlie Coyle and loses puck.
16:14 of 1st period - Shot by Nikolai Kulemin.
16:14 of 1st period - Shot Misses the Net.
16:16 of 1st period - Shot by Martin Marincin.
16:16 of 1st period - Goal by Martin Marincin - Oilers : 3 - Flames : 1.
16:17 of 1st period - Aleksander Barkov wins face-off versus Anze Kopitar in neutral zone.
16:21 of 1st period - Minor Penalty to Emerson Etem for Holding Stick.
16:22 of 1st period - Travis Zajac wins face-off versus Anze Kopitar in Oilers zone.
16:45 of 1st period - Shot by Jared Spurgeon.
16:45 of 1st period - Stopped by Kari Lehtonen without a rebound.
16:46 of 1st period - Ryan Kesler wins face-off versus Travis Zajac in Oilers zone.
17:19 of 1st period - Shot by Ryan Kesler.
17:19 of 1st period - Shot Misses the Net.
17:27 of 1st period - Shot by Jack Johnson.
17:27 of 1st period - Stopped by Kari Lehtonen without a rebound.
17:28 of 1st period - Anze Kopitar wins face-off versus Mats Zuccarello in Oilers zone.
17:43 of 1st period - Shot by Erik Johnson.
17:43 of 1st period - Deflect By Mike Cammalleri.
17:43 of 1st period - Stopped by Kari Lehtonen without a rebound.
17:44 of 1st period - Anze Kopitar wins face-off versus Travis Zajac in Oilers zone.
18:07 of 1st period - Shot by Anze Kopitar.
18:07 of 1st period - Stopped by Kari Lehtonen without a rebound.
18:08 of 1st period - Mats Zuccarello wins face-off versus Dustin Brown in Oilers zone.
18:30 of 1st period - Icing by Ladislav Smid.
18:31 of 1st period - Travis Zajac wins face-off versus Drew Shore in Flames zone.
19:20 of 1st period - Icing by Brian Campbell.
19:21 of 1st period - Anze Kopitar wins face-off versus Travis Zajac in Oilers zone.
19:22 of 1st period - Shot by Mike Cammalleri.
19:22 of 1st period - Shot Misses the Net.
19:38 of 1st period - Shot by Jeff Skinner.
19:38 of 1st period - Stopped by Kari Lehtonen without a rebound.
19:39 of 1st period - Ryan Kesler wins face-off versus Dainius Zubrus in Oilers zone.
19:40 of 1st period - Shot by Jack Johnson.
19:40 of 1st period - Stopped by Kari Lehtonen with a rebound.
Goals for this period are 3 for Oilers vs 1 for Flames.
Shots for this period are 14 for Oilers vs 11 for Flames.

2nd period


0:01 of 2nd period - Mike Cammalleri wins face-off versus Charlie Coyle in neutral zone.
0:31 of 2nd period - Shot by Charlie Coyle.
0:31 of 2nd period - Shot Hit the Post.
0:33 of 2nd period - Shot by Marc Methot.
0:33 of 2nd period - Stopped by Jonathan Quick without a rebound.
0:34 of 2nd period - Dainius Zubrus wins face-off versus Dustin Brown in Flames zone.
0:34 of 2nd period - Jake Muzzin is hit by Jack Johnson and loses puck.
0:36 of 2nd period - Minor Penalty to Jack Johnson for Hooking.
0:37 of 2nd period - Ryan Kesler wins face-off versus Travis Zajac in Flames zone.
1:12 of 2nd period - Shot by Jake Muzzin.
1:12 of 2nd period - Shot Misses the Net.
1:14 of 2nd period - Shot by Mikkel Boedker.
1:14 of 2nd period - Deflect By Travis Zajac.
1:14 of 2nd period - Stopped by Jonathan Quick with a rebound.
1:18 of 2nd period - Shot by Travis Zajac.
1:18 of 2nd period - Deflect By Mats Zuccarello.
1:18 of 2nd period - Stopped by Jonathan Quick without a rebound.
1:19 of 2nd period - Dainius Zubrus wins face-off versus Ryan Kesler in Flames zone.
1:26 of 2nd period - Shot by Dainius Zubrus.
1:26 of 2nd period - Stopped by Jonathan Quick without a rebound.
1:27 of 2nd period - Dainius Zubrus wins face-off versus Ryan Kesler in Flames zone.
1:48 of 2nd period - Shot by Brian Campbell.
1:48 of 2nd period - Shot Blocked by Mike Cammalleri.
1:50 of 2nd period - Shot by Marc Methot.
1:50 of 2nd period - Shot Blocked by Erik Johnson.
2:11 of 2nd period - Marc Methot is hit by Bryce Salvador and loses puck.
2:23 of 2nd period - Icing by Dennis Wideman.
2:24 of 2nd period - Ryan Kesler wins face-off versus Travis Zajac in Oilers zone.
2:52 of 2nd period - Icing by Emerson Etem.
2:53 of 2nd period - Anze Kopitar wins face-off versus Aleksander Barkov in Oilers zone.
3:30 of 2nd period - Icing by Jared Spurgeon.
3:31 of 2nd period - Anze Kopitar wins face-off versus Dainius Zubrus in Flames zone.
3:56 of 2nd period - Shot by Mikkel Boedker.
3:56 of 2nd period - Shot Misses the Net.
4:03 of 2nd period - Icing by Erik Johnson.
4:04 of 2nd period - Charlie Coyle wins face-off versus Anze Kopitar in Flames zone.
4:10 of 2nd period - Jared Spurgeon is hit by Dennis Wideman and loses puck.
4:33 of 2nd period - Ryan Kesler is hit by Jake Muzzin and loses puck.
4:44 of 2nd period - Shot by Michael Grabner.
4:44 of 2nd period - Goal by Michael Grabner - Oilers : 3 - Flames : 2.
4:45 of 2nd period - Dainius Zubrus wins face-off versus Drew Shore in neutral zone.
5:09 of 2nd period - Shot by Mats Zuccarello.
5:09 of 2nd period - Shot Misses the Net.
5:11 of 2nd period - Shot by Dainius Zubrus.
5:11 of 2nd period - Shot Misses the Net.
5:13 of 2nd period - Shot by Brian Campbell.
5:13 of 2nd period - Shot Misses the Net.
5:25 of 2nd period - Shot by Mats Zuccarello.
5:25 of 2nd period - Shot Misses the Net.
6:33 of 2nd period - Icing by Jake Muzzin.
6:34 of 2nd period - Anze Kopitar wins face-off versus Charlie Coyle in Oilers zone.
7:07 of 2nd period - Shot by Jeff Skinner.
7:07 of 2nd period - Stopped by Kari Lehtonen with a rebound.
7:09 of 2nd period - Shot by Mike Cammalleri.
7:09 of 2nd period - Stopped by Kari Lehtonen without a rebound.
7:10 of 2nd period - Dainius Zubrus wins face-off versus Ryan Kesler in Oilers zone.
7:10 of 2nd period - Dainius Zubrus is hit by Michael Grabner.
7:13 of 2nd period - Minor Penalty to Dustin Brown for Hooking.
7:14 of 2nd period - Ryan Kesler wins face-off versus Travis Zajac in Flames zone.
7:43 of 2nd period - Shot by Mikkel Boedker.
7:43 of 2nd period - Stopped by Jonathan Quick without a rebound.
7:44 of 2nd period - Dainius Zubrus wins face-off versus Anze Kopitar in Flames zone.
8:05 of 2nd period - Shot by Mike Cammalleri.
8:05 of 2nd period - Stopped by Kari Lehtonen without a rebound.
8:06 of 2nd period - Travis Zajac wins face-off versus Ryan Kesler in Oilers zone.
8:08 of 2nd period - Icing by Brian Campbell.
8:09 of 2nd period - Travis Zajac wins face-off versus Anze Kopitar in Oilers zone.
8:09 of 2nd period - Travis Zajac is hit by Anze Kopitar.
8:17 of 2nd period - Anze Kopitar is hit by Travis Zajac and loses puck.
8:38 of 2nd period - Shot by Brian Campbell.
8:38 of 2nd period - Stopped by Jonathan Quick without a rebound.
8:39 of 2nd period - Brooks Laich wins face-off versus Stephane Da Costa in Flames zone.
8:50 of 2nd period - Shot by Jake Muzzin.
8:50 of 2nd period - Shot Misses the Net.
8:52 of 2nd period - Shot by Dainius Zubrus.
8:52 of 2nd period - Shot Misses the Net.
8:54 of 2nd period - Shot by Brooks Laich.
8:54 of 2nd period - Shot Misses the Net.
9:06 of 2nd period - Shot by Dennis Wideman.
9:06 of 2nd period - Shot Misses the Net.
9:08 of 2nd period - Shot by Jake Muzzin.
9:08 of 2nd period - Shot Blocked by Jack Johnson.
9:10 of 2nd period - Shot by Dennis Wideman.
9:10 of 2nd period - Stopped by Jonathan Quick without a rebound.
9:11 of 2nd period - Anze Kopitar wins face-off versus Travis Zajac in Flames zone.
10:10 of 2nd period - Shot by Anze Kopitar.
10:10 of 2nd period - Stopped by Kari Lehtonen without a rebound.
10:11 of 2nd period - Dainius Zubrus wins face-off versus Ryan Kesler in Oilers zone.
10:11 of 2nd period - Dainius Zubrus is hit by Ryan Kesler.
10:18 of 2nd period - Marc Methot is hit by Jared Spurgeon.
10:55 of 2nd period - Shot by Mikkel Boedker.
10:55 of 2nd period - Shot Misses the Net.
10:58 of 2nd period - Minor Penalty to Erik Johnson for Boarding.
10:59 of 2nd period - Anze Kopitar wins face-off versus Dainius Zubrus in Flames zone.
11:09 of 2nd period - Icing by Jake Muzzin.
11:10 of 2nd period - Anze Kopitar wins face-off versus Dainius Zubrus in Oilers zone.
11:18 of 2nd period - Off-side.
11:19 of 2nd period - Travis Zajac wins face-off versus Mike Cammalleri in neutral zone.
13:00 of 2nd period - Off-side.
13:01 of 2nd period - Drew Shore wins face-off versus Aleksander Barkov in neutral zone.
13:18 of 2nd period - Shot by Michael Bournival.
13:18 of 2nd period - Stopped by Kari Lehtonen without a rebound.
13:19 of 2nd period - Travis Zajac wins face-off versus Anze Kopitar in Oilers zone.
14:54 of 2nd period - Icing by Jack Johnson.
14:55 of 2nd period - Dainius Zubrus wins face-off versus Ryan Kesler in Flames zone.
15:15 of 2nd period - Shot by Mats Zuccarello.
15:15 of 2nd period - Deflect By Mikkel Boedker.
15:15 of 2nd period - Stopped by Jonathan Quick with a rebound.
15:17 of 2nd period - Shot by Mats Zuccarello.
15:17 of 2nd period - Stopped by Jonathan Quick with a rebound.
15:19 of 2nd period - Shot by Martin Marincin.
15:19 of 2nd period - Stopped by Jonathan Quick without a rebound.
15:20 of 2nd period - Drew Shore wins face-off versus Aleksander Barkov in Flames zone.
15:20 of 2nd period - Drew Shore is hit by Emerson Etem.
15:21 of 2nd period - Minor Penalty to Emerson Etem for Cross-checking.
15:22 of 2nd period - Brooks Laich wins face-off versus Anze Kopitar in Oilers zone.
15:22 of 2nd period - Brooks Laich is hit by Anze Kopitar.
15:38 of 2nd period - Shot by Erik Johnson.
15:38 of 2nd period - Stopped by Kari Lehtonen without a rebound.
15:39 of 2nd period - Brooks Laich wins face-off versus Ryan Kesler in Oilers zone.
15:39 of 2nd period - Brooks Laich is hit by Dustin Brown.
16:08 of 2nd period - Shot by Jack Johnson.
16:08 of 2nd period - Stopped by Kari Lehtonen with a rebound.
16:10 of 2nd period - Shot by Ryan Kesler.
16:10 of 2nd period - Shot Hit the Post.
16:16 of 2nd period - Shot by Michael Grabner.
16:16 of 2nd period - Stopped by Kari Lehtonen without a rebound.
16:17 of 2nd period - Travis Zajac wins face-off versus Anze Kopitar in Oilers zone.
16:43 of 2nd period - Icing by Anze Kopitar.
16:44 of 2nd period - Anze Kopitar wins face-off versus Drew Miller in Flames zone.
17:00 of 2nd period - Anze Kopitar is hit by Jake Muzzin and loses puck.
17:05 of 2nd period - Shot by Anze Kopitar.
17:05 of 2nd period - Stopped by Kari Lehtonen without a rebound.
17:06 of 2nd period - Travis Zajac wins face-off versus Ryan Kesler in Oilers zone.
17:58 of 2nd period - Shot by Michael Bournival.
17:58 of 2nd period - Shot Misses the Net.
18:09 of 2nd period - Icing by Emerson Etem.
18:10 of 2nd period - Anze Kopitar wins face-off versus Aleksander Barkov in Oilers zone.
18:38 of 2nd period - Shot by Mike Cammalleri.
18:38 of 2nd period - Deflect By Anze Kopitar.
18:38 of 2nd period - Stopped by Kari Lehtonen without a rebound.
18:39 of 2nd period - Ryan Kesler wins face-off versus Dainius Zubrus in Oilers zone.
18:46 of 2nd period - Shot by Michael Grabner.
18:46 of 2nd period - Shot Misses the Net.
18:48 of 2nd period - Shot by Dustin Brown.
18:48 of 2nd period - Stopped by Kari Lehtonen without a rebound.
18:49 of 2nd period - Ryan Kesler wins face-off versus Charlie Coyle in Oilers zone.
19:03 of 2nd period - Minor Penalty to Dustin Brown for Tripping.
19:04 of 2nd period - Mikkel Boedker wins face-off versus Anze Kopitar in Flames zone.
Goals for this period are 0 for Oilers vs 1 for Flames.
Shots for this period are 10 for Oilers vs 12 for Flames.

3rd period


0:01 of 3rd period - Anze Kopitar wins face-off versus Dainius Zubrus in neutral zone.
0:03 of 3rd period - Erik Johnson is hit by Marc Methot and loses puck.
0:18 of 3rd period - Shot by Charlie Coyle.
0:18 of 3rd period - Stopped by Jonathan Quick without a rebound.
0:19 of 3rd period - Ryan Kesler wins face-off versus Travis Zajac in Flames zone.
0:32 of 3rd period - Shot by Jake Muzzin.
0:32 of 3rd period - Stopped by Jonathan Quick without a rebound.
0:33 of 3rd period - Dainius Zubrus wins face-off versus Anze Kopitar in Flames zone.
0:40 of 3rd period - Charlie Coyle is hit by Mike Cammalleri and loses puck.
0:53 of 3rd period - Shot by Brian Campbell.
0:53 of 3rd period - Stopped by Jonathan Quick without a rebound.
0:54 of 3rd period - Travis Zajac wins face-off versus Ryan Kesler in Flames zone.
2:47 of 3rd period - Minor Penalty to Jack Johnson for Cross-checking.
2:47 of 3rd period - Minor Penalty to Brooks Laich for Holding.
2:48 of 3rd period - Ryan Kesler wins face-off versus Aleksander Barkov in Flames zone.
3:11 of 3rd period - Shot by Andrew MacDonald.
3:11 of 3rd period - Shot Hit the Post.
3:29 of 3rd period - Shot by Michael Grabner.
3:29 of 3rd period - Stopped by Kari Lehtonen with a rebound.
3:31 of 3rd period - Shot by Michael Grabner.
3:31 of 3rd period - Shot Hit the Post.
3:53 of 3rd period - Shot by Anze Kopitar.
3:53 of 3rd period - Shot Misses the Net.
3:55 of 3rd period - Shot by Anze Kopitar.
3:55 of 3rd period - Stopped by Kari Lehtonen without a rebound.
3:56 of 3rd period - Anze Kopitar wins face-off versus Mikkel Boedker in Oilers zone.
4:01 of 3rd period - Shot by Anze Kopitar.
4:01 of 3rd period - Shot Misses the Net.
4:15 of 3rd period - Shot by Jeff Skinner.
4:15 of 3rd period - Stopped by Kari Lehtonen without a rebound.
4:16 of 3rd period - Nikolai Kulemin wins face-off versus Ryan Kesler in Oilers zone.
4:42 of 3rd period - Icing by Jared Spurgeon.
4:43 of 3rd period - Ryan Kesler wins face-off versus Aleksander Barkov in Flames zone.
4:52 of 3rd period - Shot by Michael Bournival.
4:52 of 3rd period - Shot Blocked by Dennis Wideman.
4:54 of 3rd period - Shot by Barret Jackman.
4:54 of 3rd period - Shot Misses the Net.
5:04 of 3rd period - Barret Jackman is hit by Charlie Coyle and loses puck.
5:11 of 3rd period - Shot by Michael Bournival.
5:11 of 3rd period - Shot Misses the Net.
5:29 of 3rd period - Shot by Jake Muzzin.
5:29 of 3rd period - Stopped by Jonathan Quick without a rebound.
5:30 of 3rd period - Travis Zajac wins face-off versus Anze Kopitar in Flames zone.
5:36 of 3rd period - Travis Zajac is hit by Jack Johnson and loses puck.
5:43 of 3rd period - Shot by Nikolai Kulemin.
5:43 of 3rd period - Stopped by Jonathan Quick without a rebound.
5:44 of 3rd period - Ryan Kesler wins face-off versus Mats Zuccarello in Flames zone.
6:06 of 3rd period - Shot by Mats Zuccarello.
6:06 of 3rd period - Stopped by Jonathan Quick without a rebound.
6:07 of 3rd period - Travis Zajac wins face-off versus Jeff Skinner in Flames zone.
6:07 of 3rd period - Travis Zajac is hit by Jack Johnson.
6:48 of 3rd period - Shot by Mike Cammalleri.
6:48 of 3rd period - Shot Misses the Net.
6:53 of 3rd period - Marc Methot is hit by Jack Johnson and loses puck.
7:15 of 3rd period - Ryan Kesler is hit by Jake Muzzin and loses puck.
8:25 of 3rd period - Icing by Jake Muzzin.
8:26 of 3rd period - Mike Cammalleri wins face-off versus Mikkel Boedker in Oilers zone.
8:34 of 3rd period - Off-side.
8:35 of 3rd period - Drew Shore wins face-off versus Charlie Coyle in neutral zone.
8:37 of 3rd period - Off-side.
8:38 of 3rd period - Anze Kopitar wins face-off versus Charlie Coyle in neutral zone.
9:16 of 3rd period - Icing by Andrew MacDonald.
9:17 of 3rd period - Travis Zajac wins face-off versus Anze Kopitar in Flames zone.
9:38 of 3rd period - Shot by Olli Maatta.
9:38 of 3rd period - Shot Blocked by Jack Johnson.
9:46 of 3rd period - Shot by Travis Zajac.
9:46 of 3rd period - Shot Misses the Net.
9:48 of 3rd period - Shot by Martin Marincin.
9:48 of 3rd period - Stopped by Jonathan Quick without a rebound.
9:49 of 3rd period - Ryan Kesler wins face-off versus Aleksander Barkov in Flames zone.
10:10 of 3rd period - Shot by Ryan Kesler.
10:10 of 3rd period - Shot Misses the Net.
10:12 of 3rd period - Shot by Ryan Kesler.
10:12 of 3rd period - Stopped by Kari Lehtonen without a rebound.
10:13 of 3rd period - Michael Bournival wins face-off versus Dainius Zubrus in Oilers zone.
10:15 of 3rd period - Linden Vey is hit by Jake Muzzin and loses puck.
10:29 of 3rd period - Shot by Mikkel Boedker.
10:29 of 3rd period - Stopped by Jonathan Quick with a rebound.
11:04 of 3rd period - Icing by Ladislav Smid.
11:05 of 3rd period - Drew Shore wins face-off versus Charlie Coyle in Flames zone.
11:11 of 3rd period - Shot by Nikita Kucherov.
11:11 of 3rd period - Stopped by Jonathan Quick without a rebound.
11:12 of 3rd period - Travis Zajac wins face-off versus Anze Kopitar in Flames zone.
11:17 of 3rd period - Shot by Travis Zajac.
11:17 of 3rd period - Stopped by Jonathan Quick without a rebound.
11:18 of 3rd period - Charlie Coyle wins face-off versus Anze Kopitar in Flames zone.
11:29 of 3rd period - Shot by Jeff Skinner.
11:29 of 3rd period - Shot Misses the Net.
11:31 of 3rd period - Shot by Jeff Skinner.
11:31 of 3rd period - Goal by Jeff Skinner - Oilers : 3 - Flames : 3.
11:32 of 3rd period - Travis Zajac wins face-off versus Ryan Kesler in neutral zone.
11:43 of 3rd period - Shot by Nikolai Kulemin.
11:43 of 3rd period - Stopped by Jonathan Quick without a rebound.
11:44 of 3rd period - Charlie Coyle wins face-off versus Anze Kopitar in Flames zone.
11:51 of 3rd period - Shot by Nikita Kucherov.
11:51 of 3rd period - Shot Blocked by Erik Johnson.
12:03 of 3rd period - Icing by Anze Kopitar.
12:04 of 3rd period - Anze Kopitar wins face-off versus Travis Zajac in Flames zone.
12:04 of 3rd period - Anze Kopitar is hit by Nikolai Kulemin.
12:23 of 3rd period - Jared Spurgeon is hit by Nikolai Kulemin and loses puck.
13:08 of 3rd period - Andrew MacDonald is hit by Marc Methot and loses puck.
14:10 of 3rd period - Minor Penalty to Ladislav Smid for Holding Stick.
14:11 of 3rd period - Anze Kopitar wins face-off versus Travis Zajac in Flames zone.
14:34 of 3rd period - Shot by Jake Muzzin.
14:34 of 3rd period - Stopped by Jonathan Quick without a rebound.
14:35 of 3rd period - Dainius Zubrus wins face-off versus Ryan Kesler in Flames zone.
14:55 of 3rd period - Charlie Coyle is hit by Jack Johnson and loses puck.
15:02 of 3rd period - Shot by Dainius Zubrus.
15:02 of 3rd period - Shot Misses the Net.
15:04 of 3rd period - Shot by Marc Methot.
15:04 of 3rd period - Stopped by Jonathan Quick without a rebound.
15:05 of 3rd period - Anze Kopitar wins face-off versus Travis Zajac in Flames zone.
15:41 of 3rd period - Shot by Travis Zajac.
15:41 of 3rd period - Shot Misses the Net.
15:43 of 3rd period - Shot by Travis Zajac.
15:43 of 3rd period - Shot Blocked by Ryan Kesler.
15:47 of 3rd period - Shot by Mikkel Boedker.
15:47 of 3rd period - Stopped by Jonathan Quick with a rebound.
16:07 of 3rd period - Shot by Brooks Laich.
16:07 of 3rd period - Shot Blocked by Jared Spurgeon.
16:09 of 3rd period - Shot by Marc Methot.
16:09 of 3rd period - Stopped by Jonathan Quick with a rebound.
16:13 of 3rd period - Shot by Olli Maatta.
16:13 of 3rd period - Stopped by Jonathan Quick without a rebound.
16:14 of 3rd period - Aleksander Barkov wins face-off versus Michael Bournival in Flames zone.
16:41 of 3rd period - Shot by Bryce Salvador.
16:41 of 3rd period - Stopped by Kari Lehtonen with a rebound.
17:04 of 3rd period - Icing by Aleksander Barkov.
17:05 of 3rd period - Anze Kopitar wins face-off versus Aleksander Barkov in Oilers zone.
17:54 of 3rd period - Shot by Dainius Zubrus.
17:54 of 3rd period - Shot Misses the Net.
17:56 of 3rd period - Shot by Dainius Zubrus.
17:56 of 3rd period - Stopped by Jonathan Quick without a rebound.
17:57 of 3rd period - Brooks Laich wins face-off versus Ryan Kesler in Flames zone.
17:57 of 3rd period - Nikita Kucherov is hit by Jack Johnson and loses puck.
18:07 of 3rd period - Nikita Kucherov is hit by Jack Johnson and loses puck.
18:10 of 3rd period - Shot by Nikita Kucherov.
18:10 of 3rd period - Shot Misses the Net.
18:20 of 3rd period - Shot by Nikita Kucherov.
18:20 of 3rd period - Shot Misses the Net.
18:22 of 3rd period - Shot by Dennis Wideman.
18:22 of 3rd period - Goal by Dennis Wideman - Oilers : 4 - Flames : 3.
18:23 of 3rd period - Drew Shore wins face-off versus Mats Zuccarello in neutral zone.
18:30 of 3rd period - Shot by Michael Bournival.
18:30 of 3rd period - Shot Misses the Net.
18:32 of 3rd period - Shot by Drew Shore.
18:32 of 3rd period - Stopped by Kari Lehtonen without a rebound.
18:33 of 3rd period - Ryan Kesler wins face-off versus Travis Zajac in Oilers zone.
18:53 of 3rd period - Shot by Ryan Kesler.
18:53 of 3rd period - Stopped by Kari Lehtonen without a rebound.
18:54 of 3rd period - Anze Kopitar wins face-off versus Dainius Zubrus in Oilers zone.
19:01 of 3rd period - Flames, Jonathan Quick is pulled from the net.
Goals for this period are 1 for Oilers vs 1 for Flames.
Shots for this period are 18 for Oilers vs 8 for Flames.


Output by the SimonT Hockey Simulator (STHS) for Stephane Roy -- Original Page W3C XHTML 1.0 Valid
Hockey Simulator - Hockey Simulation - Hockey Manager